 Dungeon Crawl Stone Soup version 0.29-a0-418-gc0181ea (webtiles) character file.

Game seed: 6178539044526029090

77483 Think the Fighter (level 15, -14/100 (114) HPs)
             Began as an Octopode Fighter on Apr 20, 2022.
             Was a High Priest of Ru.
             Demolished by an orc knight
             ... wielding a +0 great sword
              (30 damage)
             ... on level 2 of the Orcish Mines on May 17, 2022.
             The game lasted 01:46:59 (32731 turns).

Think the Fighter (Octopode Fighter)               Turns: 32731, Time: 01:47:00

HP:   -14/100 (114) AC:  9    Str: 21    XL:     15   Next: 57%
MP:   24/24         EV: 21    Int: 19    God:    Ru [*****.]
Gold: 393           SH:  9    Dex: 17    Spells: 5/14 levels left

rFire   . . .      SeeInvis .   A - +6 dagger (protect)
rCold   + . .      Faith    .   O - +1 buckler {rPois}
rNeg    . . .      Spirit   .   (helmet restricted)
rPois   +          Reflect  .   (no amulet)
rElec   .          Harm     .   w - +6 ring of intelligence
rCorr   .          Rampage  .   N - +4 ring of protection
Will    ++...                   B - +4 ring of slaying
Stlth   ++++++....              v - ring of magical power
HPRegen 0.26/turn               i - ring of protection from cold
MPRegen 0.19/turn               y - +6 ring of strength
                                I - ring of willpower
                                M - +4 ring of protection

@: heavily drained, unable to read
A: almost no armour, amphibious, 8 rings, camouflage 1, gelatinous body 1,
inability to read while threatened, inability to use devices, hated by all, no
conjurations magic, no fire magic, no transmutations magic, (nimble swimmer 1),
tentacles
a: Renounce Religion, Sacrifice Purity, Sacrifice Stealth, Sacrifice Essence,
Reject Sacrifices, Draw Out Power, Power Leap, Apocalypse


You were on level 2 of the Orcish Mines.
You worshipped Ru.
Ru was extremely pleased with you.
You visited 3 branches of the dungeon, and saw 20 of its levels.
You also visited: Sewer.

You collected 1765 gold pieces.
You spent 1372 gold pieces at shops.

Inventory:

Hand Weapons
 f - a +3 dagger of electrocution
 A - a +6 dagger of protection (weapon)
Missiles
 H - 46 stones (quivered)
Armour
 b - a +1 buckler
 O - a +1 buckler of poison resistance (worn)
Jewellery
 h - a ring of poison resistance
 i - a ring of protection from cold (on tentacle)
 j - a ring of fire
 v - a ring of magical power (on tentacle)
 w - a +6 ring of intelligence (left tentacle)
 y - a +6 ring of strength (on tentacle)
 B - a +4 ring of slaying (on tentacle)
 E - a ring of flight
 I - a ring of willpower (on tentacle)
 M - a +4 ring of protection (on tentacle)
 N - a +4 ring of protection (right tentacle)
Scrolls
 a - 3 scrolls of identify
 e - 2 scrolls of vulnerability
 g - 7 scrolls of teleportation
 l - a scroll of immolation
 m - 3 scrolls of noise
 o - 4 scrolls of enchant armour
 p - 5 scrolls of blinking
 q - 6 scrolls of torment
 r - 2 scrolls of amnesia
 s - 2 scrolls of magic mapping
 t - 2 scrolls of holy word
 x - a scroll of silence
 z - 2 scrolls of summoning
 C - a scroll of brand weapon
 D - 3 scrolls of fog
 J - 2 scrolls of poison {unknown}
 L - a scroll of fear
Potions
 c - a potion of ambrosia
 d - 4 potions of degeneration
 k - a potion of haste {unknown}
 n - 6 potions of flight
 u - 3 potions of curing
 F - a potion of berserk rage {unknown}
 G - 2 potions of lignification {unknown}
 K - a potion of brilliance {unknown}


   Skills:
 * Level 14.7 Fighting
 - Level 10.0 Short Blades
 * Level 13.1 Dodging
 + Level 11.8 Stealth
 * Level 13.7 Shields
 - Level 5.0 Hexes
 - Level 2.0 Translocations
 - Level 5.0 Ice Magic


You had 5 spell levels left.
You knew the following spells:

 Your Spells              Type           Power      Damage    Failure   Level
a - Cause Fear            Hex            9%         N/A       30%         4
b - Ozocubu's Armour      Ice            19%        N/A       9%          3
c - Blink                 Tloc           14%        N/A       16%         2

Your spell library contained the following spells:

 Spells                   Type           Power      Damage    Failure   Level
 Apportation              Tloc           14%        N/A       11%         1
 Gell's Gravitas          Tloc           7%         N/A       30%         3
 Lesser Beckoning         Tloc           7%         N/A       30%         3
 Teleport Other           Tloc           7%         N/A       30%         3
 Anguish                  Hex/Necr       4%         N/A       63%         4
 Metabolic Englaciation   Hex/Ice        9%         N/A       63%         5
 Manifold Assault         Tloc           7%         N/A       96%         5
 Enfeeble                 Hex            9%         N/A       100%        7
 Shatter                  Erth           0%         3d5*      100%        9
 Tukima's Dance           Hex            Unusable   N/A       N/A         3
 Animate Skeleton         Necr           Unusable   N/A       N/A         1
 Summon Small Mammal      Summ           Unusable   N/A       N/A         1
 Simulacrum               Ice/Necr       Unusable   N/A       N/A         6
 Dragon Form              Tmut           Unusable   N/A       N/A         7
 Chain Lightning          Conj/Air       Unusable   N/A       N/A         9
 Dragon's Call            Summ           Unusable   N/A       N/A         9
 Fire Storm               Conj/Fire      Unusable   5d1       N/A         9

Dungeon Overview and Level Annotations

Branches:
Dungeon (12/15)            Temple (0/1) D:6            Lair (6/6) D:11
 Shoals (0/4) Lair:3        Snake (0/4) Lair:4        Slime (0/5) Lair:6
    Orc (2/2) D:9             Elf (0/3) Orc:2         Sewer (visited)

Altars:
Cheibriados
Elyvilon
Fedhas
Gozag
Hepliaklqana
Makhleb
Ru
Sif Muna
Uskayaw
Wu Jian
Yredelemnul
The Shining One
Beogh

Shops:
D:7 *   Orc:2 [?=*

Annotations:
D:2 1 runed translucent door, Crazy Yiuf
D:5 2 runed translucent doors, edsrzf's ghost, novice PaBe
D:6 2 runed translucent doors, Caerwyn's ghost, novice DsHu
Lair:6 1 runed translucent door, exclusion: oklob plant


Innate Abilities, Weirdness & Mutations

You cannot wear most types of armour.
You are amphibious.
You can wear up to eight rings at the same time.
Your skin changes colour to match your surroundings (Stealth+).
Your rubbery body absorbs attacks. (AC +1, EV +1)
You sometimes lose the ability to read scrolls when taking damage.
You cannot study or use magical devices.
You are hated by all.
You cannot study or cast Conjurations magic.
You cannot study or cast Fire magic.
You cannot study or cast Transmutations magic.
((You are camouflaged when in or above water. (Stealth+)))
You have tentacles for arms and can constrict up to eight enemies at once.


Message History

Your icy armour cracks and falls away as you move.
Things that are here:
a +0 dagger; a +0 leather armour The orc knight attacks as you move away!
The orc knight completely misses you.
The orc knight roars a battlecry!
You're too confused to move!
You feel less invigorated.
You feel less confused.
Things that are here:
a +0 flail; a +0 plate armour; an orc skeleton The orc knight attacks as you move away!
The orc knight barely misses you.
You redirect the soul eater's attack!
You redirect the orc high priest's attack!
You see here a warg corpse.
Casting: Cause Fear (dangerous; 30% risk of failure)
Confirm with . or Enter, or press ? or * to list all spells.
A film of ice covers your body!
The orc knight is stunned by your conviction and fails to attack.
Your icy armour will break if you move.
Continue?
Your icy armour cracks and falls away as you move.
The orc knight attacks as you move away!
The orc knight misses you.
The orc high priest no longer looks unusually strong.
You redirect the orc high priest's attack!
The orc high priest calls upon Beogh to heal the orc knight.
The orc knight is healed somewhat.
The orc knight attacks as you move away!
You block the orc knight's attack.
The orc knight attacks as you move away!
The orc knight completely misses you.
The orc high priest mumbles some strange prayers to Beogh against you.
Beogh smites you!
* * * LOW HITPOINT WARNING * * *
The orc high priest utters an invocation to Beogh.
You feel less exhausted.
You redirect the orc knight's attack!
The orc knight attacks as you move away!
The orc knight hits you with a +0 great sword!!
You die...

.................# #.........
#..........).....## ##.........
####......#.......# #..........
.# #...........#)## ##.........
#####....##.....#########........
......................o4.........
......................3..........
.######..###.###o#######..######.
.#∩...#..# #.# #@# #..#...∩#.
.#....#..###.###.#######.)#....#.
.#....#....[............o.#....#.
)###'##.......)..###.###3†##'###)
..[.......8)..8..# #.# #..3).o3)4
[###'##....).....# #.# #.###[###o
.#....#..###'###.###.###.#.....#.
.#....#..#.....#.........#.....#.
.#....#..#.....#.###.###.#.....#.


You could see an orc knight.

Vanquished Creatures
  3 hydras
  3 boulder beetles
  An ogre mage (Orc:2)
  An anaconda (Lair:6)
  3 two-headed ogres
  26 death yaks
  A skeletal warrior (D:7)
  8 orc knights (Orc:2)
  2 lindwurms (Lair:6)
  2 ugly things (D:11)
  A manticore (D:11)
  2 orc sorcerers
  A cyclops (D:11)
  5 elephants (Lair:2)
  A black mamba (Lair:6)
  10 torpor snails
  A gargoyle (D:11)
  17 cane toads
  5 rime drakes
  A kobold demonologist (D:7)
  7 komodo dragons
  5 trolls
  8 hornets
  A merfolk (D:10)
  4 tyrant leeches (Lair:6)
  12 polar bears
  16 blink frogs
  Grinder (D:4)
  2 slime creatures (Lair:6)
  A raiju (Lair:6)
  2 shadows (D:11)
  12 yaks
  2 wraiths
  5 wyverns
  7 basilisks
  4 vampire mosquitoes (D:10)
  Menkaure (D:7)
  16 wargs
  2 nagas
  15 water moccasins
  14 hell hounds (Lair:6)
  2 acid dragons
  15 black bears
  43 orc warriors
  An ice beast (D:7)
  2 sky beasts
  10 ogres
  37 wolves
  4 centaurs
  7 kobold brigands
  A phantom (D:4)
  22 bullfrogs
  5 gnoll sergeants
  5 scorpions
  10 necrophages
  11 wights
  5 killer bees (D:8)
  2 electric eels
  7 howler monkeys
  17 orc priests
  4 jellies
  A gnoll shaman (D:6)
  8 hounds
  3 iron imps (D:8)
  7 iguanas
  26 orc wizards
  6 hell rats (Lair:6)
  20 gnolls
  5 river rats
  11 adders
  A shadow imp (D:7)
  2 white imps (D:7)
  An ufetubus (D:6)
  3 worms
  4 dart slugs
  112 orcs
  12 ball pythons
  9 endoplasms
  4 giant cockroaches
  7 goblins
  4 hobgoblins
  4 jackals (Sewer)
  29 kobolds
  4 quokkas
  20 bats
  7 frilled lizards
  5 rats
756 creatures vanquished.

Vanquished Creatures (others)
  A boulder beetle (Lair:5)
  A cane toad (Lair:3)
  Psyche (D:9)
  2 blink frogs
  A water moccasin (Lair:4)
  A bullfrog (Lair:3)
  An iguana (D:7)
  2 gnolls
  5 orcs
  A frilled lizard (Sewer)
  A rat (D:1)
  55 fungi
  148 plants
  4 toadstools (D:1)
224 creatures vanquished.

Grand Total: 980 creatures vanquished

Notes
Turn   | Place    | Note
-------+----------+-------------------------------------------
     0 | D:1      | Think the Octopode Fighter began the quest for the Orb.
     0 | D:1      | Reached XP level 1. HP: 16/16 MP: 1/1
    56 | D:1      | Found a faded altar of an unknown god.
    72 | D:1      | Prayed at the altar of an unknown god.
    72 | D:1      | Became a worshipper of Ru the Awakened
    87 | D:1      | Gained mutation: You cannot study or use magical devices.
                  | [Ru sacrifice]
    87 | D:1      | Reached * piety under Ru
    87 | D:1      | Reached ** piety under Ru
   281 | D:1      | Reached XP level 2. HP: 21/21 MP: 2/2
   833 | D:2      | Found a white marble altar of Elyvilon.
   963 | D:2      | Found a runed translucent door.
   964 | D:2      | Noticed Crazy Yiuf
  1052 | D:2      | Reached XP level 3. HP: 22/26 MP: 3/3
  1966 | D:3      | Found a glowing drain.
  2116 | Sewer    | Entered a sewer
  2124 | Sewer    | Reached XP level 4. HP: 31/31 MP: 4/4
  2415 | Sewer    | Reached skill level 5 in Short Blades
  2417 | Sewer    | Reached XP level 5. HP: 30/36 MP: 5/5
  2427 | Sewer    | Gained mutation: You are hated by all. [Ru sacrifice]
  2427 | Sewer    | Reached *** piety under Ru
  2985 | D:3      | Found a shimmering blue altar of Sif Muna.
  3319 | D:4      | Noticed Grinder
  3326 | D:4      | Paralysed by Grinder for 4 turns
  3335 | D:4      | Killed Grinder
  3336 | D:4      | Reached XP level 6. HP: 10/42 MP: 6/6
  3651 | D:4      | Reached XP level 7. HP: 46/46 MP: 7/7
  4346 | D:4      | Noticed a profane servitor
  4569 | D:4      | Found a glowing golden altar of the Shining One.
  4571 | D:4      | Noticed an angel
  4910 | D:5      | Entered Level 5 of the Dungeon
  4925 | D:5      | Gained mutation: You cannot study or cast Fire magic. [Ru
                  | sacrifice]
  4925 | D:5      | Gained mutation: You cannot study or cast Transmutations
                  | magic. [Ru sacrifice]
  4925 | D:5      | Gained mutation: You cannot study or cast Conjurations
                  | magic. [Ru sacrifice]
  4925 | D:5      | Reached **** piety under Ru
  5053 | D:5      | Reached XP level 8. HP: 25/52 MP: 8/8
  5728 | D:5      | Found a runed translucent door.
  5800 | D:5      | Found a runed translucent door.
  5801 | D:5      | Noticed edsrzf's ghost (novice PaBe)
  5850 | D:5      | Reached skill level 10 in Short Blades
  6870 | D:6      | Reached skill level 4 in Fighting
  7155 | D:6      | Found a hide-covered altar of Uskayaw.
  7162 | D:6      | Found a white marble altar of Elyvilon.
  7162 | D:6      | Found an ornate altar of the Wu Jian Council.
  7163 | D:6      | Found an opulent altar of Gozag.
  7441 | D:6      | Found a large runed translucent door.
  7441 | D:6      | Found a large runed translucent door.
  7449 | D:6      | Reached XP level 9. HP: 36/59 MP: 9/9
  7625 | D:6      | Reached skill level 5 in Fighting
  7934 | D:6      | Noticed Caerwyn's ghost (novice DsHu)
  7980 | D:6      | Found a staircase to the Ecumenical Temple.
  8078 | D:7      | Found Plog's Serpentskin Sales.
  8097 | D:7      | Gained mutation: You sometimes lose the ability to read
                  | scrolls when taking damage. [Ru sacrifice]
  8097 | D:7      | Reached ***** piety under Ru
  8166 | D:7      | Reached skill level 5 in Dodging
  8181 | D:7      | Reached skill level 6 in Fighting
  8220 | D:7      | Reached skill level 5 in Shields
  8403 | D:7      | Reached skill level 7 in Fighting
  8501 | D:7      | Noticed a skeletal warrior
  8510 | D:7      | Killed a skeletal warrior
  8511 | D:7      | Reached XP level 10. HP: 61/71 MP: 10/10
  8605 | D:7      | Noticed a kobold demonologist
  8612 | D:7      | Noticed a sixfirhy
  8624 | D:7      | Killed a kobold demonologist
  8884 | D:7      | Reached skill level 8 in Fighting
  9293 | D:7      | Noticed Menkaure
  9297 | D:7      | Killed Menkaure
 10273 | D:8      | Reached skill level 1 in Stealth
 10532 | D:8      | Noticed a two-headed ogre
 10566 | D:8      | Reached skill level 9 in Fighting
 11164 | D:9      | Noticed Psyche
 11176 | D:9      | Reached XP level 11. HP: 48/80 MP: 11/11
 11192 | D:9      | Killed Psyche
 11411 | D:8      | Upgraded the game from 0.29-a0-341-g24ffce5 to
                  | 0.29-a0-418-gc0181ea
 11495 | D:8      | Killed a two-headed ogre
 11633 | D:8      | Found a burning altar of Makhleb.
 12426 | D:9      | Noticed a two-headed ogre
 12909 | D:9      | Killed a two-headed ogre
 12910 | D:9      | Reached skill level 10 in Fighting
 13670 | D:10     | Entered Level 10 of the Dungeon
 14062 | D:10     | Reached skill level 5 in Stealth
 14350 | D:10     | Learned a level 4 spell: Cause Fear
 14457 | D:11     | Noticed a cyclops
 14457 | D:11     | Noticed a red ugly thing
 14474 | D:11     | Killed a cyclops
 14489 | D:11     | Killed a red ugly thing
 14770 | D:11     | Reached XP level 12. HP: 68/89 MP: 12/12
 15376 | D:10     | Learned a level 3 spell: Ozocubu's Armour
 15488 | D:11     | Reached skill level 11 in Fighting
 15597 | D:11     | Reached skill level 1 in Ice Magic
 15727 | D:11     | Noticed a five-headed hydra
 15751 | D:11     | Killed a five-headed hydra
 15775 | D:11     | Found a staircase to the Lair.
 15880 | D:11     | Noticed a boulder beetle
 15964 | D:11     | Killed a boulder beetle
 17147 | Lair:1   | Entered Level 1 of the Lair of Beasts
 17289 | Lair:1   | Reached skill level 10 in Shields
 18701 | Lair:2   | Learned a level 2 spell: Blink
 18840 | Lair:2   | Noticed a death yak
 18840 | Lair:2   | Noticed a death yak
 18855 | Lair:2   | Noticed a death yak
 19039 | Lair:2   | Reached skill level 12 in Fighting
 19066 | Lair:2   | Reached skill level 1 in Translocations
 19066 | Lair:2   | Reached XP level 13. HP: 27/97 MP: 13/13
 19518 | Lair:2   | Reached skill level 10 in Dodging
 21056 | Lair:3   | Found a snail-covered altar of Cheibriados.
 21408 | Lair:3   | Found a staircase to the Shoals.
 22145 | Lair:3   | Reached skill level 13 in Fighting
 22243 | Lair:3   | Reached skill level 1 in Hexes
 22257 | Lair:3   | Reached skill level 5 in Ice Magic
 22734 | Lair:4   | Reached XP level 14. HP: 106/106 MP: 14/14
 23369 | Lair:4   | Found a staircase to the Snake Pit.
 23663 | Lair:4   | Reached skill level 10 in Stealth
 25663 | Lair:6   | Entered Level 6 of the Lair of Beasts
 25749 | Lair:6   | Found a runed translucent door.
 27520 | Lair:6   | Reached skill level 14 in Fighting
 28249 | Lair:6   | Found a staircase to the Slime Pits.
 28476 | Lair:6   | Reached XP level 15. HP: 104/113 MP: 15/15
 30033 | D:9      | Found a staircase to the Orcish Mines.
 30045 | Orc:1    | Entered Level 1 of the Orcish Mines
 30059 | Orc:2    | Entered Level 2 of the Orcish Mines
 31208 | Orc:2    | Found a staircase to the Elven Halls.
 32065 | Orc:2    | Found Wonifeit's Armour Boutique.
 32065 | Orc:2    | Found Xulib's Magic Scroll Emporium.
 32454 | Orc:2    | Found Usmecoj's Jewellery Boutique.
 32454 | Orc:2    | Found Ytiron's General Store.
 32459 | Orc:2    | Bought a +4 ring of protection for 612 gold pieces
 32459 | Orc:2    | Bought a +4 ring of protection for 612 gold pieces
 32502 | Orc:2    | Bought a +1 buckler of poison resistance for 148 gold
                  | pieces
 32695 | Orc:2    | Reached skill level 5 in Hexes
 32731 | Orc:2    | Demolished by an orc knight

Illustrated notes

Levels and vault maps discovered:
D:1:      ldierk_walled_garden_2, layout_basic,
          shapermc_ecumenical_altar_mp_urbaneastern,
          chequers_serial_rivers_micro_b, kennysheep_small_spiral,
          skrybe_limestone_x
D:2:      layout_basic, basic_altar, uniq_crazy_yiuf_cottage
D:3:      layout_basic, lemuel_crystal_altar, portal_sewer_entry_b
D:4:      layout_layer_cave, grunt_temple_overflow_holy_war, serial_glass,
          glass_columns_a, glass_columns_a, due_unseen_surprise, uniq_grinder
D:5:      layout_loops_corners, ebering_ghost_sewer_f, minmay_statues_item,
          hex_tiny, minmay_lizard_king
D:6:      layout_basic, minitemple, minmay_temple_entry_poolview,
          ebering_ghost_disaster_area
D:7:      nzn_winding_woodlands_large [nzn_winding_woodlands_5x5_cross,
          nzn_winding_woodlands_5x15_twine, nzn_winding_woodlands_5x5_three,
          nzn_winding_woodlands_center_garden,
          nzn_winding_woodlands_15x15_eel_pit,
          nzn_winding_woodlands_center_lodge, nzn_winding_woodlands_5x5_default,
          nzn_winding_woodlands_5x15_longhouse,
          nzn_winding_woodlands_5x5_checkerboard], layout_rooms,
          guppyfry_shop_venom, uniq_menkaure
D:8:      layout_basic, demons_altar, special_room [special_room_orc],
          roderic_batcave, minivault_24, grunt_ministairs_3,
          serial_park_tiny_pond
D:9:      layout_rooms, david_orc_4, uniq_psyche
D:10:     layout_roguey, mainiacjoe_overflow_tiny_flanked, hangedman_fish_farm
D:11:     layout_layer_cave, david_lair_shrubbed,
          eino_small_chamber_without_monster
D:12:     layout_basic, kiku_gazebo_pond_becter, uniq_lodul
Lair:1:   layout_cellular_growth, pond
Lair:2:   beast_lair_carwin_large_3, layout_layer_cave
Lair:3:   layout_chaotic_city, elwin_shoals_entry_rocks, kennysheep_snail_temple
Lair:4:   layout_cave_pods, guppyfry_snake_entry_garden, roderic_carrion_pond
Lair:5:   layout_regular_city, lemuel_fruit_tree, serial_bayou_shore_a
Lair:6:   hangedman_lair_caniforms_friends, layout_regular_city, wormcave,
          minmay_slime_entry_pillars
Orc:1:    layout_caves, lightli_orcish_oven
Orc:2:    st_orc_town, layout_caves, guppyfry_orc_lava_fort

Skill      XL: |  1  2  3  4  5  6  7  8  9 10 11 12 13 14 15 |
---------------+----------------------------------------------+-----
Short Blades   | 3 4 5 6 7 9 10 | 10.0
Fighting       | 4 7 9 10 12 13 14 | 14.7
Dodging        | 4 6 7 8 9 11 12 13 | 13.1
Shields        | 4 5 7 9 10 11 13 | 13.7
Stealth        | 2 6 8 9 11 | 11.8
Ice Magic      | 3 5 |  5.0
Translocations | 1 2 |  2.0
Hexes          | 1 3 5 |  5.0

Action                   |  1- 3 |  4- 6 |  7- 9 | 10-12 | 13-15 || total
-------------------------+-------+-------+-------+-------+-------++-------
Melee: Rapier            |    11 |       |       |       |       ||    11
       Constrict         |    11 |    18 |    46 |   142 |   189 ||   406
       Dagger            |    53 |    83 |   223 |   801 |  1469 ||  2629
       Tentacles         |    13 |    12 |    54 |   234 |   546 ||   859
       Punch             |       |       |     9 |    15 |    42 ||    66
Throw: Throwing net      |       |       |       |       |     1 ||     1
       Stone             |       |       |       |       |     5 ||     5
 Cast: Ozocubu's Armour  |       |       |       |    11 |    53 ||    64
       Blink             |       |       |       |       |     1 ||     1
       Cause Fear        |       |       |       |       |     4 ||     4
Invok: Sacrifice Artific |     1 |       |       |       |       ||     1
       Sacrifice Love    |       |     1 |       |       |       ||     1
       Sacrifice Arcana  |       |       |     1 |       |       ||     1
       Draw Out Power    |       |       |     1 |     4 |     7 ||    12
       Sacrifice Words   |       |       |     1 |       |       ||     1
       Reject Sacrifices |       |       |       |     1 |       ||     1
       Apocalypse        |       |       |       |     1 |     3 ||     4
       Power Leap        |       |       |       |       |     3 ||     3
  Use: Scroll            |       |     5 |       |    20 |     1 ||    26
       Potion            |       |       |     1 |     9 |     8 ||    18
 Stab: Sleeping          |     8 |    11 |    10 |    12 |    26 ||    67
       Invisible         |       |       |     2 |    12 |     7 ||    21
       Distracted        |       |       |     1 |     5 |    15 ||    21
       Paralysed         |       |       |       |     4 |     2 ||     6
Armor: Skin              |     5 |     3 |     3 |    52 |   102 ||   165
Dodge: Dodged            |    18 |    43 |    70 |   312 |   543 ||   986
Block: Buckler           |     7 |    21 |    39 |   172 |   351 ||   590

Table legend: (Time is in decaauts)
 A = Elapsed time spent in this place.
 B = Non-inter-level travel time spent in this place.
 C = Inter-level travel time spent in this place.
 D = Time resting spent in this place.
 E = Time spent auto-exploring this place.
 F = Levels seen in this place.
 G = Mean time per level.
                   A        B        C        D        E       F      G
               +--------+--------+--------+--------+--------+-----+--------+
         Total |  31503 |  30607 |    896 |   8428 |  16020 |  21 | 1500.1 |
       Dungeon |  16315 |  15841 |    474 |   3850 |   9552 |  12 | 1359.6 |
          Lair |  12097 |  11831 |    266 |   3852 |   5238 |   6 | 2016.2 |
  Orcish Mines |   2482 |   2327 |    155 |    726 |    768 |   2 | 1241.0 |
         Sewer |    608 |    608 |      0 |      0 |    462 |   1 |  608.0 |
               +--------+--------+--------+--------+--------+-----+--------+

Top non-repeatable levels by time:
  Lair:6: 3130 daAuts
  Lair:2: 2843 daAuts
    D:11: 2433 daAuts
     D:8: 2300 daAuts
  Lair:4: 1913 daAuts
     D:5: 1863 daAuts
  Lair:5: 1818 daAuts
     D:9: 1647 daAuts
     D:7: 1621 daAuts
  Lair:3: 1392 daAuts
     D:4: 1310 daAuts
   Orc:1: 1253 daAuts
   Orc:2: 1229 daAuts
     D:6: 1218 daAuts
     D:3: 1193 daAuts
